 Dungeon Crawl Stone Soup version 0.25.0-26-g0c896c7088 (webtiles) character file.

Game seed: 7650021878103934134

34696 protoss039 the Severer (level 13, 0/117 HPs)
             Began as a Minotaur Fighter on July 3, 2020.
             Was the Champion of Okawaru.
             Slain by an enormous slime creature (50 damage)
             ... on level 13 of the Dungeon.
             The game lasted 00:44:45 (17242 turns).

protoss039 the Severer (Minotaur Fighter)          Turns: 17242, Time: 00:44:45

Health: 0/117      AC: 24    Str: 26    XL:     13   Next: 43%
Magic:  18/18      EV:  7    Int:  5    God:    Okawaru [******]
Gold:   804        SH: 13    Dex: 10    Spells: 12/12 levels left

rFire    . . .     SeeInvis .   O - +0 war axe (elec)
rCold    + . .     Gourm    .   c - +0 kite shield
rNeg     . . .     Faith    .   N - +2 plate armour {rC+}
rPois    .         Spirit   .   (helmet restricted)
rElec    .         Reflect  .   a - scarf {repulsion}
rCorr    .         Harm     .   o - +0 pair of gloves
MR       +....                  i - +0 pair of boots {run}
Stlth    ..........             j - amulet of magic regeneration
HPRegen  0.29/turn              k - ring of protection from magic
MPRegen  0.41/turn              q - +4 ring of protection

@: repel missiles, quick
A: retaliatory headbutt, horns 2
a: Heroism, Finesse, Renounce Religion


You were on level 13 of the Dungeon.
You worshipped Okawaru.
Okawaru was exalted by your worship.
You were not hungry.

You visited 2 branches of the dungeon, and saw 14 of its levels.

You collected 804 gold pieces.

Inventory:

Hand Weapons
 F - the +8 quarterstaff "Goblin's Doom" {vorpal, rPois, unknown}
   (You found it on level 9 of the Dungeon)

   It inflicts extra damage upon your enemies.
   It protects you from poison.
 G - a +4 battleaxe of freezing
 M - a +0 falchion of flaming
 O - a +0 war axe of electrocution (weapon)
Missiles
 P - 8 silver javelins
 R - 5 javelins (quivered)
 S - 6 boomerangs of dispersal
Armour
 a - a scarf of repulsion (worn)
 c - a +0 kite shield (worn)
 i - a +0 pair of boots of running (worn)
 o - a +0 pair of gloves (worn)
 t - a +1 pair of boots
 y - a +0 cloak
 N - a +2 plate armour of cold resistance (worn)
 U - +0 acid dragon scales
Jewellery
 j - an amulet of magic regeneration (around neck)
 k - a ring of protection from magic (left hand)
 l - an uncursed ring of positive energy {unknown}
 q - a +4 ring of protection (right hand)
 Q - an uncursed ring of ice
Wands
 m - a wand of iceblast (11)
 C - a wand of flame (23)
 H - a wand of acid (6)
 I - a wand of paralysis (7)
 V - a wand of random effects (18)
Scrolls
 b - 4 scrolls of blinking
 h - 6 scrolls of remove curse
 p - a scroll of silence {unknown}
 r - 4 scrolls of teleportation
 s - 2 scrolls of immolation
 v - a scroll of fear
 x - a scroll of enchant weapon {unknown}
 B - a scroll of holy word {unknown}
 E - 2 scrolls of fog {unknown}
 K - 2 scrolls of magic mapping {unknown}
Potions
 d - 4 potions of might
 e - 2 potions of cancellation
 g - 3 potions of magic
 n - 2 potions of flight
 u - a potion of haste
 w - 2 potions of stabbing
 z - 2 potions of heal wounds
 A - 5 potions of curing
 D - 2 potions of berserk rage
 J - 4 potions of brilliance
 T - a potion of resistance {unknown}
Comestibles
 f - 25 rations
 L - 3 chunks of flesh


   Skills:
 + Level 11.9 Fighting
 - Level 16.0 Axes
 + Level 11.0 Armour
 + Level 12.6 Shields
 * Level 8.7 Invocations


You had 12 spell levels left.
You didn't know any spells.
Your spell library contained the following spells:

 Spells                   Type           Power        Failure   Level  Hunger
 Magic Dart               Conj           #...         100%        1    ##.....
 Blink                    Tloc           N/A          100%        2    ###....
 Call Imp                 Summ           #.......     100%        2    ###....
 Slow                     Hex            #.......     100%        2    ###....
 Conjure Flame            Conj/Fire      #.......     100%        3    ####...
 Mephitic Cloud           Conj/Pois/Air  #.......     100%        3    ####...


Dungeon Overview and Level Annotations

Branches:
Dungeon (13/15)            Temple (1/1) D:7            Lair (0/6) D:9
    Orc (0/2) D:10
 Vaults: D:13-14

Altars:
Ashenzari
Cheibriados
Dithmenos
Elyvilon
Fedhas
Gozag
Hepliaklqana
Kikubaaqudgha
Makhleb
Nemelex Xobeh
Okawaru
Qazlal
Ru
Sif Muna
Trog
Uskayaw
Vehumet
Wu Jian
Xom
Yredelemnul
Zin
The Shining One
Beogh

Shops:
D:6 :   D:10 ?=?%*

Annotations:
D:6 1 exclusion
D:8 1 exclusion
D:10 2 transporters, funkygono's ghost, novice GrCj


Innate Abilities, Weirdness & Mutations

You reflexively headbutt those who attack you in melee.
You have a pair of horns on your head.


Message History

The enormous slime creature is severely wounded.
An enormous slime creature splits.
A slime creature suddenly becomes an enormous slime creature.
Throwing (i - inventory. (/) - cycle)
R - 7 javelins (quivered)
Press: ? - help, Shift-Dir - straight line, f - enormous slime creature
Aim: an enormous slime creature (severely wounded)
You throw a javelin.
The javelin barely misses the enormous slime creature.
The javelin pierces through the crimson imp!
The crimson imp is heavily wounded.
The crimson imp blinks!
Throwing (i - inventory. (/) - cycle)
R - 6 javelins (quivered)
Press: ? - help, Shift-Dir - straight line, f/p - enormous slime creature
Aim: an enormous slime creature (severely wounded)
You throw a javelin.
The javelin barely misses the enormous slime creature.
The javelin pierces through the crimson imp.
The crimson imp is severely wounded.
The enormous slime creature hits you!!!
You die...

#..#######...#......#.......#
........5(..(#......#.......#
.........#...#......#.......#
........5#...#......#........
...##...##..5#......+........
#...##...#......#........
#...##...#......#.......#
.....#...J#...(..#.......#
...(..#...@#......#.......#
........#....'......#.......#
...##.####'###......#########
... #.#......................
#......................
#......................
#..............(.......
#...[..................
##......#######(####...


You could see an enormous slime creature and a crimson imp.

Vanquished Creatures
  Frances (D:12)
  A fire giant (D:12)
  Josephine (D:12)
  A yaktaur captain (D:12)
  Fannar (D:10)
  Harold (D:9)
  A hydra (D:12)
  2 two-headed ogres (D:12)
  A centaur warrior (D:12)
  A queen ant (D:11)
  An unseen horror (D:13)
  A flayed ghost (D:12)
  Pikel (D:4)
  A deep elf mage (D:13)
  An orc knight (D:10)
  An ugly thing (D:12)
  A manticore (D:13)
  2 cyclopes
  Joseph (D:7)
  A yaktaur (D:12)
  3 kobold demonologists (D:12)
  A freezing wraith (D:12)
  4 trolls
  A hornet (D:8)
  3 hippogriffs
  12 slime creatures
  2 dream sheep (D:8)
  4 wraiths
  A centaur simulacrum (D:12)
  A shadow (D:11)
  A basilisk (shapeshifter) (D:12)
  Grum (D:11)
  18 yaks
  A vampire mosquito (D:12)
  15 soldier ants (D:11)
  An acid dragon (D:12)
  7 orc warriors
  5 ice beasts
  A sky beast (D:10)
  2 black bears
  A necrophage (D:10)
  3 slaves (D:4)
  A swamp drake (shapeshifter) (D:12)
  3 phantoms
  5 ogres
  12 centaurs
  3 wolves (D:11)
  5 big kobolds
  9 bullfrogs
  A wyvern skeleton (D:7)
  5 scorpions
  20 killer bees
  10 wights
  4 howler monkeys
  9 crimson imps
  2 centaur zombies
  3 bullfrog zombies
  2 quasits
  3 jellies
  Crazy Yiuf (D:4)
  5 centaur skeletons
  12 orc priests
  6 hounds
  3 bullfrog skeletons
  A gnoll shaman (D:4)
  7 iguanas
  32 worker ants
  20 orc wizards
  A worker ant zombie (D:10)
  12 gnolls
  9 adders
  A howler monkey skeleton (D:5)
  6 shadow imps
  An ooze (D:4)
  2 adder skeletons (D:4)
  2 worms
  2 dart slugs
  8 leopard geckos
  75 orcs
  2 ball pythons
  3 bats
  5 giant cockroaches
  2 goblins (D:1)
  4 hobgoblins
  9 jackals
  3 quokkas
  4 frilled lizards
  2 jackal skeletons
  18 kobolds
  A quokka zombie (D:8)
  12 rats
  A spectral orc (D:4)
479 creatures vanquished.

Vanquished Creatures (others)
  7 plants (D:8)
7 creatures vanquished.

Grand Total: 486 creatures vanquished

Notes
Turn   | Place    | Note
-------+----------+-------------------------------------------
     0 | D:1      | protoss039 the Minotaur Fighter began the quest for the
                  | Orb.
     0 | D:1      | Reached XP level 1. HP: 19/19 MP: 0/0
   356 | D:1      | Reached XP level 2. HP: 27/27 MP: 1/1
   609 | D:1      | Found a shattered altar of Ashenzari.
  1094 | D:2      | Reached XP level 3. HP: 33/33 MP: 2/2
  1100 | D:2      | Reached skill level 3 in Axes
  1280 | D:2      | Found a faded altar of an unknown god.
  1950 | D:3      | Reached XP level 4. HP: 40/40 MP: 3/3
  2449 | D:3      | Found a snail-covered altar of Cheibriados.
  2449 | D:3      | Found a sacrificial altar of Ru.
  2450 | D:3      | Found a glowing golden altar of the Shining One.
  2596 | D:3      | Reached skill level 4 in Axes
  2872 | D:3      | Reached XP level 5. HP: 17/47 MP: 4/4
  3617 | D:4      | Found a basalt altar of Yredelemnul.
  3658 | D:4      | Reached skill level 5 in Shields
  3905 | D:4      | Noticed an ogre
  3909 | D:4      | Killed an ogre
  3909 | D:4      | Reached skill level 5 in Axes
  3909 | D:4      | Reached skill level 5 in Armour
  3909 | D:4      | Reached XP level 6. HP: 53/53 MP: 5/5
  4039 | D:4      | Noticed a slave
  4039 | D:4      | Noticed a slave
  4040 | D:4      | Noticed a slave
  4051 | D:4      | Killed a slave
  4053 | D:4      | Killed a slave
  4054 | D:4      | Killed a slave
  4199 | D:4      | Noticed Pikel
  4200 | D:4      | Noticed a slave
  4222 | D:4      | Killed Pikel
  4222 | D:4      | Reached skill level 5 in Fighting
  4222 | D:4      | Reached skill level 7 in Axes
  4222 | D:4      | Reached XP level 7. HP: 36/61 MP: 6/6
  4723 | D:4      | Found a runed translucent door.
  4724 | D:4      | Noticed Crazy Yiuf
  4733 | D:4      | Killed Crazy Yiuf
  4957 | D:5      | Entered Level 5 of the Dungeon
  5022 | D:5      | Found a white marble altar of Elyvilon.
  5073 | D:5      | Reached XP level 8. HP: 68/68 MP: 7/7
  5083 | D:5      | Reached skill level 8 in Axes
  5333 | D:5      | Found a bloodstained altar of Trog.
  5624 | D:5      | Reached skill level 9 in Axes
  5925 | D:6      | Reached XP level 9. HP: 49/78 MP: 8/8
  5933 | D:6      | Reached skill level 10 in Axes
  6216 | D:6      | Found a shimmering altar of Xom.
  6312 | D:6      | Found Mobagh's Book Shoppe.
  6699 | D:7      | Reached skill level 11 in Axes
  7052 | D:7      | Found a staircase to the Ecumenical Temple.
  7143 | D:7      | Found a burning altar of Makhleb.
  7143 | D:7      | Found a radiant altar of Vehumet.
  7144 | D:7      | Found a sparkling altar of Nemelex Xobeh.
  7236 | Temple   | Entered the Ecumenical Temple
  7243 | Temple   | Became a worshipper of Warmaster Okawaru
  7481 | D:7      | Reached XP level 10. HP: 86/88 MP: 9/9
  7598 | D:7      | Found a shadowy altar of Dithmenos.
  7600 | D:7      | Noticed Joseph
  7617 | D:7      | Killed Joseph
  7617 | D:7      | Reached skill level 1 in Invocations
  7824 | D:8      | Reached skill level 12 in Axes
  8354 | D:8      | Reached * piety under Okawaru
  8883 | D:8      | Reached ** piety under Okawaru
  9062 | D:8      | Noticed a three-headed hydra
 10207 | D:9      | Noticed Harold
 10321 | D:9      | Killed Harold
 10321 | D:9      | Reached *** piety under Okawaru
 10321 | D:9      | Reached skill level 13 in Axes
 10321 | D:9      | Reached XP level 11. HP: 94/95 MP: 12/12
 10455 | D:9      | Found a staircase to the Lair.
 10510 | D:9      | Got a dazzling quarterstaff
 10921 | D:10     | Entered Level 10 of the Dungeon
 11033 | D:10     | Found a roughly hewn altar of Beogh.
 11033 | D:10     | Found a staircase to the Orcish Mines.
 11080 | D:10     | Reached **** piety under Okawaru
 11129 | D:10     | Reached skill level 10 in Shields
 11323 | D:10     | Noticed an orc knight
 11404 | D:10     | Killed an orc knight
 11655 | D:10     | Found Four's Magic Scroll Boutique.
 11762 | D:10     | Noticed Fannar
 11815 | D:10     | Killed Fannar
 11815 | D:10     | Received a gift from Okawaru
 11815 | D:10     | Reached skill level 5 in Invocations
 11900 | D:10     | Found Iqoppyli's Magic Scroll Shoppe.
 12035 | D:10     | Found Daseakod's Food Shoppe.
 12071 | D:10     | Found Baatuhas's General Store.
 12099 | D:10     | Reached skill level 14 in Axes
 12214 | D:10     | Found a transporter.
 12220 | D:10     | Noticed funkygono's ghost (novice GrCj)
 12227 | D:10     | Reached ***** piety under Okawaru
 12230 | D:10     | Noticed a two-headed ogre
 12437 | D:10     | Found a transporter.
 12581 | D:10     | Found Teont's Jewellery Emporium.
 13085 | D:11     | Noticed Grum
 13126 | D:11     | Killed Grum
 13134 | D:11     | Received a gift from Okawaru
 13725 | D:11     | Noticed a queen ant
 13752 | D:11     | Killed a queen ant
 13752 | D:11     | Received a gift from Okawaru
 13752 | D:11     | Reached XP level 12. HP: 105/106 MP: 15/15
 13895 | D:11     | Reached skill level 10 in Fighting
 14692 | D:12     | Reached skill level 10 in Armour
 14702 | D:12     | Reached skill level 15 in Axes
 14792 | D:12     | Noticed a five-headed hydra
 14801 | D:12     | Killed a one-headed hydra
 15060 | D:12     | Noticed Josephine
 15079 | D:12     | Killed Josephine
 15201 | D:12     | Noticed a two-headed ogre
 15212 | D:12     | Killed a two-headed ogre
 15296 | D:12     | Noticed Frances
 15319 | D:12     | Killed Frances
 15319 | D:12     | Received a gift from Okawaru
 15332 | D:12     | Reached skill level 16 in Axes
 15345 | D:12     | Reached XP level 13. HP: 83/116 MP: 17/17
 15381 | D:12     | Reached ****** piety under Okawaru
 15389 | D:12     | Noticed a fire giant
 15762 | D:12     | Killed a fire giant
 15762 | D:12     | Received a gift from Okawaru
 15793 | D:12     | Identified a +0 pair of boots of running (Okawaru gifted it
                  | to you on level 12 of the Dungeon)
 17242 | D:13     | Slain by an enormous slime creature

Illustrated notes

Levels and vault maps discovered:
D:1:      dpeg_arrival_simpleton_b, layout_loops_cross, serial_bayou_pond_c,
          evilmike_ruin_ashenzari
D:2:      layout_loops_corners, chequers_ecumenical_altar_grove
D:3:      layout_loops_corners, gammafunk_temple_overflow_forgotten,
          first_ration
D:4:      layout_basic, yredelemnul_forgotten_temple_becter,
          minmay_quadrilaterals, uniq_pikel, uniq_crazy_yiuf_cottage
D:5:      layout_loops_ring, kennysheep_mini_moat, elyvilon_altar_1
D:6:      layout_basic, serial_shops, shop, xom_teletrap_fun
D:7:      layout_loops_ring, nicolae_overflow_hidden_temple,
          gammafunk_temple_overflow_claw, temple_green, uniq_joseph
D:8:      layout_layer_cave, hangedman_ranch [blue_anna_fruit_fields]
D:9:      layout_rooms, dpeg_oklobed_lair, minmay_fractal_squares_5, uniq_harold
D:10:     layout_roguey, david_orc_5, serial_shops, kennysheep_mini, shop,
          shop_statue, nicolae_shop_trees, shop, gammafunk_ghost_smash,
          uniq_fannar
D:11:     layout_loops_ring, kennysheep_big_empty_room, zaba_anthell, uniq_grum
D:12:     layout_stronghold, serial_bayou_pond_d,
          minmay_checkered_concentric_circles, uniq_frances, uniq_josephine
D:13:     layout_gridville
Temple:   nicolae_temple_x_marks_the_god

Skill      XL: |  1  2  3  4  5  6  7  8  9 10 11 12 13 |
---------------+----------------------------------------+-----
Armour         | 4 5 6 7 8 9 10 11 | 11.0
Shields        | 4 5 6 8 9 10 11 12 | 12.6
Axes           | 3 4 5 7 9 11 13 14 16 | 16.0
Fighting       | 4 5 6 7 8 9 11 | 11.9
Invocations    | 3 6 7 8 |  8.7

Action                   |  1- 3 |  4- 6 |  7- 9 | 10-12 | 13-15 || total
-------------------------+-------+-------+-------+-------+-------++-------
Melee: War axe           |   116 |   175 |   283 |  1071 |   133 ||  1778
       Headbutt          |     8 |    20 |    47 |   247 |    32 ||   354
       Falchion          |       |       |       |     6 |       ||     6
Throw: Javelin           |       |       |       |       |     3 ||     3
Invok: Heroism           |       |       |       |     3 |     1 ||     4
       Finesse           |       |       |       |     1 |       ||     1
  Use: Scroll            |       |     5 |     4 |     8 |     1 ||    18
       Potion            |       |       |       |     5 |       ||     5
 Stab: Distracted        |       |       |       |     1 |       ||     1
  Eat: Chunk             |     3 |     4 |    11 |    23 |     6 ||    47
       Ration            |       |     1 |       |     1 |       ||     2
Armor: Scale mail        |     8 |       |       |       |       ||     8
       Chain mail        |    63 |    90 |    18 |       |       ||   171
       Ice dragon scales |       |       |   105 |   204 |       ||   309
       Plate armour      |       |       |       |   305 |    45 ||   350
Dodge: Dodged            |    26 |    44 |    90 |   247 |    16 ||   423
       Repelled          |       |       |       |       |     1 ||     1
Block: Kite shield       |    57 |    88 |   137 |   591 |    61 ||   934
       Rpst.: Falchion   |       |       |       |     1 |       ||     1
